 Dungeon Crawl Stone Soup version 0.31-a0-963-ga325b2283a (webtiles) character file.

Game seed: 14509993794244667229

283914 Flugkiller the Hill Orc Cataclysm (level 20, -6/165 HPs)
             Began as a Hill Orc Ice Elementalist on Oct 24, 2023.
             Was a High Priest of Qazlal.
             Mangled by Donald
             ... wielding a +3 scimitar of flaming
              (24 damage)
             ... on level 1 of the Vaults.
             The game lasted 01:12:53 (39949 turns).

Flugkiller the Hill Orc Cataclysm (HOIE)           Turns: 39949, Time: 01:12:54

Health: -6/165     AC: 38    Str: 25    XL:     20   Next: 57%
Magic:  36/36      EV: 11    Int: 15    God:    Qazlal [*****.]
Gold:   2032       SH: 19    Dex: 11    Spells: 11/22 levels left

rFire   + + .        a - +6 broad axe (elec)
rCold   + . .        M - +2 kite shield
rNeg    . . .        L - +1 plate armour {rF+}
rPois   .            (helmet restricted)
rElec   .            C - +2 cloak {rC+}
rCorr   .            s - +2 pair of gloves {Str+3}
SInv    .            n - +2 pair of boots {Fly}
Will    +....        X - amulet of regeneration Stlth
                     e - +6 ring of strength
HPRegen 1.27/turn    S - +4 ring of protection
MPRegen 0.25/turn

%: repel missiles
@: protected from fire, flying, studying 2 skills
A: antennae 1, iridescent scales 2, dopey 1, frail 1, weak 1
}: 2/15 runes: barnacled, gossamer
a: Renounce Religion, Upheaval, Elemental Force, Disaster Area


You were on level 1 of the Vaults.
You worshipped Qazlal.
Qazlal was extremely pleased with you.
You visited 7 branches of the dungeon, and saw 33 of its levels.
You also visited: Ice Cave.

You collected 3249 gold pieces.
You spent 1217 gold pieces at shops.

Inventory:

Hand Weapons
 a - a +6 broad axe of electrocution (weapon)
   (You found it on level 9 of the Dungeon)
Missiles
 g - 8 throwing nets
Armour
 n - a +2 pair of boots of flying (worn)
   (You found it on level 4 of the Spider Nest)
 s - a +2 pair of gloves of strength (worn)
   (You found it on level 4 of the Spider Nest)
 C - a +2 cloak of cold resistance (worn)
   (You found it in an ice cave)
 L - a +1 plate armour of fire resistance (worn)
   (You found it on level 3 of the Lair of Beasts)
 M - a +2 kite shield (worn)
   (You took it off a gnoll sergeant on level 8 of the Dungeon)
 U - the +5 scale mail of the Tick {rPois}
   (You found it on level 10 of the Dungeon)

   rPois:     It protects you from poison
Jewellery
 e - a +6 ring of strength (left hand)
   (You found it on level 1 of the Dungeon)
 m - a ring of willpower
   (You found it on level 3 of the Shoals)
 o - a ring of poison resistance
   (You took it off a deep elf archer on level 2 of the Elven Halls)
 p - a ring of protection from fire
   (You found it on level 2 of the Lair of Beasts)
 G - the ring "Rempuxos" {Will+ rCorr SInv}
   (You took it off a gnoll bouda on level 8 of the Dungeon)

   [ring of see invisible]

   Will+:     It increases your willpower.
   SInv:      It lets you see invisible.
   rCorr:     It protects you from acid and corrosion.
 I - the ring "Rolit" {Wiz rF+}
   (You took it off a gnoll on level 8 of the Dungeon)

   [ring of wizardry]

   Wiz:       It improves your spell success rate.
   rF+:       It protects you from fire.
 S - a +4 ring of protection (right hand)
   (You acquired it on level 2 of the Orcish Mines)
 X - an amulet of regeneration (around neck)
   (You bought it in a shop on level 2 of the Orcish Mines)
 Z - a +4 ring of protection
   (You found it on level 3 of the Shoals)
Wands
 c - a wand of charming (42)
   (You took it off Ijyb on level 5 of the Dungeon)
 B - a wand of roots (9)
   (You found it on level 9 of the Dungeon)
 N - a wand of mindburst (3)
   (You found it on level 1 of the Spider Nest)
 P - a wand of digging (18)
   (You found it on level 10 of the Dungeon)
 Q - a wand of quicksilver (36)
   (You found it on level 7 of the Dungeon)
Scrolls
 b - a scroll of summoning
 f - 7 scrolls of vulnerability
 i - 4 scrolls of fear
 l - 9 scrolls of immolation
 r - 8 scrolls of identify
 t - 8 scrolls of teleportation
 z - a scroll of blinking
 E - 2 scrolls of fog
 H - 3 scrolls of silence
 J - 2 scrolls of revelation
 R - 3 scrolls of torment
 V - 2 scrolls of poison
Potions
 d - 2 potions of might
 h - 5 potions of haste
 k - 2 potions of magic
 q - 12 potions of curing
 u - a potion of enlightenment
 v - a potion of invisibility
 w - 8 potions of heal wounds
 x - 2 potions of attraction
 K - 4 potions of lignification
 O - 9 potions of ambrosia
 T - 3 potions of cancellation
 Y - a potion of mutation
Miscellaneous
 j - a condenser vane
   (You found it on level 9 of the Dungeon)
 y - a phantom mirror
   (You found it on level 2 of the Lair of Beasts)
 A - a phial of floods
   (You bought it in a shop on level 8 of the Dungeon)
 D - a lightning rod (3/4)
   (You found it on level 2 of the Lair of Beasts)
 W - a box of beasts
   (You found it on level 2 of the Spider Nest)


   Skills:
 - Level 17.0 Fighting
 - Level 18.0 Axes
 - Level 17.0 Armour
 - Level 11.0 Dodging
 - Level 1.5 Stealth
 - Level 12.0 Shields
 - Level 1.5 Spellcasting
 - Level 5.0 Summonings
 - Level 8.0 Ice Magic
 + Level 24.9 Invocations
 - Level 10.0 Evocations


You had 11 spell levels left.
You knew the following spells:

 Your Spells              Type           Power      Damage    Failure   Level
a - Freeze                Ice            100%       1d10      9%          1
b - Frozen Ramparts       Ice            50%        1d8       26%         3
c - Ozocubu's Armour      Ice            25%        N/A       26%         3
d - Summon Ice Beast      Ice/Summ       20%        N/A       86%         4

Your spell library contained the following spells:

 Spells                   Type           Power      Damage    Failure   Level
 Call Imp                 Summ           32%        N/A       43%         2
 Ensorcelled Hibernation  Hex/Ice        26%        N/A       56%         2
 Apportation              Tloc           2%         N/A       94%         1
 Foxfire                  Conj/Fire      4%         2x1d4     94%         1
 Magic Dart               Conj           4%         1d3       94%         1
 Shock                    Conj/Air       4%         1d3       94%         1
 Slow                     Hex            4%         N/A       94%         1
 Blink                    Tloc           2%         N/A       98%         2
 Jinxbite                 Hex            2%         N/A       98%         2
 Lesser Beckoning         Tloc           2%         N/A       98%         2
 Momentum Strike          Conj/Tloc      2%         3d8       98%         2
 Passwall                 Tmut/Erth      0%         N/A       98%         2
 Scorch                   Fire           2%         2d5       98%         2
 Static Discharge         Conj/Air       2%         3-4/arc   98%         2
 Sublimation of Blood     Necr           1%         N/A       98%         2
 Confusing Touch          Hex            1%         N/A       100%        3
 Dazzling Flash           Conj/Hex       2%         N/A       100%        3
 Gell's Gravitas          Tloc           1%         N/A       100%        3
 Mephitic Cloud           Conj/Pois/Air  1%         N/A       100%        3
 Sigil of Binding         Hex            1%         N/A       100%        3
 Swiftness                Air            1%         N/A       100%        3
 Teleport Other           Tloc           1%         N/A       100%        3
 Tukima's Dance           Hex            1%         N/A       100%        3
 Vampiric Draining        Necr           1%         2d6       100%        3
 Volatile Blastmotes      Fire/Tloc      2%         2d10      100%        3
 Airstrike                Air            0%         2d(1-17)  100%        4
 Anguish                  Hex/Necr       0%         N/A       100%        4
 Animate Armour           Summ/Erth      16%        N/A       100%        4
 Animate Dead             Necr           1%         N/A       100%        4
 Cause Fear               Hex            0%         N/A       100%        4
 Dimensional Bullseye     Hex/Tloc       0%         N/A       100%        4
 Flame Wave               Conj/Fire      1%         2d4       100%        4
 Iskenderun's Mystic Bla  Conj/Tloc      1%         2d3       100%        4
 Passage of Golubria      Tloc           1%         N/A       100%        4
 Petrify                  Tmut/Erth      1%         N/A       100%        4
 Summon Lightning Spire   Summ/Air       8%         N/A       100%        4
 Agony                    Necr           1%         N/A       100%        5
 Alistair's Intoxication  Tmut/Pois      0%         N/A       100%        5
 Borgnjor's Vile Clutch   Necr/Erth      0%         N/A       100%        5
 Fireball                 Conj/Fire      0%         3d3       100%        5
 Lee's Rapid Deconstruct  Erth           0%         3d4*      100%        5
 Metabolic Englaciation   Hex/Ice        6%         N/A       100%        5
 Silence                  Hex/Air        0%         N/A       100%        5
 Yara's Violent Unravell  Hex/Tmut       0%         3d3       100%        5
 Death Channel            Necr           0%         N/A       100%        6
 Dispersal                Tloc           0%         N/A       100%        6
 Plasma Beam              Fire/Air       0%         2x1d10    100%        6
 Starburst                Conj/Fire      0%         6d3       100%        6
 Summon Cactus Giant      Summ           8%         N/A       100%        6
 Enfeeble                 Hex            0%         N/A       100%        7
 Maxwell's Capacitive Co  Air            0%         ∞         100%        8
 Dragon's Call            Summ           8%         N/A       100%        9


Dungeon Overview and Level Annotations

Branches:
Dungeon (15/15) Zot: 25065  Temple (0/1) D:5            Lair (5/5) D:10 Zot: 22779
 Shoals (4/4) Lair:2 Zot: 19892  Spider (4/4) Lair:3 Zot: 17800   Slime (0/5) Lair:4
    Orc (2/2) D:12 Zot: 10339     Elf (2/3) Orc:2 Zot: 9125  Vaults (1/5) D:14 Zot: 5925
 Depths (0/4) D:15          IceCv (visited)

Altars:
Ashenzari
Cheibriados
Dithmenos
Gozag
Hepliaklqana
Makhleb
Nemelex Xobeh
Qazlal
Ru
Trog
Wu Jian
Xom
Yredelemnul
Zin
Beogh
Jiyva

Shops:
D:6 :   D:8 *   D:11 (   Orc:2 ([=*

Annotations:
D:2 exclusion: door
D:9 1 runed translucent door, eyesofgods1's ghost, journeyman DjGl
Lair:4 1 runed translucent door
Shoals:2 2 transporters, Ge0ff's ghost, adept OpHs
Shoals:3 Roxanne
Vaults:1 Donald


Innate Abilities, Weirdness & Mutations

You have a pair of small antennae on your head.
You are mostly covered in iridescent scales. (AC +4)
You are dopey. (Int -2)
You are frail. (-10% HP)
You are weak. (Str -2)


Message History

The ironbound preserver is engulfed in blazing flames.
You block Donald's attack. Donald blocks your attack.
Donald is heavily wounded.
You hit the ironbound preserver but do no damage.
You hear a roar!
Donald is engulfed in freezing vapours.
Donald hits you but does no damage.
A lindwurm comes into view.
The ironbound preserver mumbles some strange words.
The ironbound preserver begins to accept its allies' injuries.
Donald blocks your attack.
Donald is heavily wounded.
You slash the ironbound preserver! Donald hits you but does no damage.
You hit Donald.
Donald is severely wounded.
You slice the ironbound preserver!!
Lightning courses through the ironbound preserver!!
Donald hits you with a +3 scimitar of flaming!
Donald burns you.
The lindwurm is engulfed in blazing flames.
The ironbound preserver hits you but does no damage.
Donald blocks your attack.
Donald is severely wounded.
You slice the ironbound preserver!!
You hear a shout!
You block Donald's attack.
The ironbound preserver closely misses you.
Donald hits you with a +3 scimitar of flaming!!
Donald burns you.
You are too injured to fight recklessly!
You are too injured to fight recklessly!
Unknown command.
Donald blocks your attack.
Donald is severely wounded.
You hit the ironbound preserver but do no damage.
The lindwurm is engulfed in blazing flames.
The ironbound preserver gestures wildly while chanting.
The ironbound preserver is healed somewhat.
Donald is engulfed in blazing flames.
You block Donald's attack.
You completely miss Donald.
Donald is severely wounded.
You barely miss the ironbound preserver.
Donald is engulfed in blazing flames.
Donald hits you with a +3 scimitar of flaming!!
Your resistance to fire fades away.
You feel protected from physical attacks.
Donald burns you.
The lindwurm is engulfed in blazing flames.
The ironbound preserver misses you.
You slash Donald! Lightning courses through Donald!!
Donald is severely wounded.
You slice the ironbound preserver!!
Lightning courses through the ironbound preserver!!
You kill the ironbound preserver!
Qazlal accepts your kill.
Donald is engulfed in blazing flames.
Donald says, "This is an awful lot of space just to hold some junk."
You block Donald's attack.
Unknown command.
Donald blocks your attack.
Donald is almost dead.
Donald says, "Great.
Now my shield is all dirty."
Donald hits you with a +3 scimitar of flaming!!
* * * LOW HITPOINT WARNING * * *
Your resistance to physical damage fades away.
You feel protected from fire. Donald burns you.
* * * LOW HITPOINT WARNING * * *
Unknown command.
Donald blocks your attack.
Donald is almost dead.
You hit the lindwurm but do no damage. You block Donald's attack.
The lindwurm bites you.
* * * LOW HITPOINT WARNING * * *
You block the lindwurm's attack.
The lindwurm claws you but does no damage.
Unknown command.
Okay, then.
Press: ? - help, v - describe, . - travel
Here: Donald, wielding a +3 scimitar of flaming, wearing a +2 chain mail of cold resistance and wearing a +0 kite shield of reflection (almost dead, fast, strong, reflecting blocked projectiles)
The floor, spattered with blood.
Unknown command.
Unknown command.
Unknown command.
Unknown command.
Aiming: Thunderbolt
Press: ? - help, Shift-Dir - straight line, f - Donald
Aim: Donald, wielding a +3 scimitar of flaming, wearing a +2 chain mail of cold resistance and wearing a +0 kite shield of reflection (almost dead, fast, strong, reflecting blocked projectiles)
The thunderbolt hits the lindwurm!
The lindwurm is heavily wounded.
The thunderbolt hits Donald.
Donald is almost dead.
You block Donald's attack. The lindwurm bites you.
* * * LOW HITPOINT WARNING * * *
The lindwurm claws you.
* * * LOW HITPOINT WARNING * * *
You block the lindwurm's attack.
Donald hits you with a +3 scimitar of flaming!!
You die...
Donald says, "Well, maybe you weren't so bad after all."

,,+,,,,,,**,,,**,,,**,,* *,,,
***,,,,,,**,,.#....(##**** *,,,
*,,,,,,**,,,.......#*,,*****+**
*,,,,,,+,,**.......**,,*,,,,,,,
*,,,,,,+,,**,.....,,,,**,,,,,,,
*********###*....,*,>,**,,,*,,,
#..##k☼,**,,,******,,,
##...k@###..### *,,,
####..@###k.#### *,,,
####...○.####### *,,,
#######..#######** ****
########'#.#####,* **
###......#...+..,* **,
###......#...#pu,* *,,
###.....)#)..+..,* *,*
###......))#####,* **,*
###....∩.#######** *,,*


You could see Donald (fast, strong, reflecting) and 2 lindwurms.

Vanquished Creatures
  Mara (Spider:3)
  Nikola (Spider:3)
  Arachne (Spider:4)
  Mlioglotl (Spider:1)
  A lich (IceCv)
  The ghost of t4s4d4r the Black Belt, an adept DsEE of Jiyva (Shoals:3)
  A sphinx (D:15)
  A kraken (Shoals:3)
  Kirke (Spider:1)
  Agnes (D:15)
  Frances (Shoals:2)
  The ghost of Humorgho the Warrior, a journeyman MiBe of Trog (Spider:4)
  A vault warden (Vaults:1)
  5 ghost moths
  An emperor scorpion (Spider:4)
  A broodmother (Spider:1)
  An orc warlord (Orc:2)
  2 ironbound preservers
  An ironbound thunderhulk (Vaults:1)
  A very ugly thing (Shoals:1)
  A stone giant (D:15)
  Azrael (Orc:2)
  A dire elephant (Lair:1)
  A spark wasp (Spider:2)
  Snorg (D:14)
  An ettin (D:15)
  15 merfolk impalers
  4 deep elf death magi
  4 merfolk javelineers
  4 entropy weavers
  A caustic shrike simulacrum (IceCv)
  4 merfolk avatars
  A catoblepas (Lair:1)
  10 hydras
  An ogre mage (D:15)
  4 boulder beetles
  4 centaur warriors (D:14)
  3 radroaches
  4 merfolk aquamancers
  4 death yaks (Lair:3)
  7 two-headed ogres
  A jorogumo (Spider:4)
  19 dancing weapons
  4 alligator snapping turtles
  4 tengu warriors
  7 satyrs
  8 demonic crawlers
  An orc high priest (Orc:2)
  The ghost of Dirtsage the Martial Artist, a novice OpSh of Wu Jian (D:8)
  Urug (D:11)
  5 sun demons (Shoals:2)
  20 deep elf knights
  2 shadow wraiths (D:13)
  6 skysharks
  5 large abominations (Elf:1)
  2 pharaoh ants
  3 sun moths
  8 sea snakes
  11 orb spiders
  2 spriggan simulacra (IceCv)
  10 deep elf archers
  A flayed ghost (D:15)
  An obsidian statue (IceCv)
  A lindwurm (Lair:1)
  5 bog bodies (IceCv)
  4 necromancers
  22 ugly things
  7 steelbarb worms
  20 deep elf pyromancers
  29 harpies
  17 wolf spiders
  20 deep elf zephyrmancers
  2 orc sorcerers
  4 orc knights
  14 fauns
  17 manticores
  7 cyclopes
  10 merfolk sirens
  5 moths of wrath
  8 elephants
  3 black mambas
  16 cane toads
  5 torpor snails
  Maurice (D:11)
  6 water nymphs
  Jeremiah (D:8)
  A gargoyle (D:12)
  12 freezing wraiths (IceCv)
  An efreet (D:14)
  A kobold demonologist (D:10)
  A yaktaur (shapeshifter) (D:11)
  3 rime drakes
  An ice devil (IceCv)
  2 tengu conjurers (D:15)
  3 anaconda simulacra (IceCv)
  13 komodo dragons
  33 merfolk
  2 golden dragon simulacra (IceCv)
  4 meliai
  A queen bee (Spider:2)
  7 trolls
  A tarantella (shapeshifter) (D:15)
  7 polar bears
  19 tarantellas
  4 alligator simulacra (IceCv)
  18 blink frogs
  3 wind drakes
  19 dream sheep
  Grinder (D:4)
  7 hornets (Lair:5)
  13 snapping turtles
  20 jumping spiders
  Sigmund (D:5)
  21 slime creatures
  12 spriggans (Lair:5)
  3 air elementals
  7 dire elephant simulacra (IceCv)
  17 culicivoras
  3 shadows
  10 water elementals
  2 humans
  4 wraiths
  3 wyverns
  7 fire elementals
  A hog (Spider:1)
  57 yaks
  Grum (D:8)
  7 basilisks
  2 steam dragons
  A minotaur simulacrum (IceCv)
  39 redbacks
  7 vampire mosquitoes
  3 harpy simulacra (IceCv)
  Edmund (D:5)
  9 wargs
  23 water moccasins
  2 hell hounds (Orc:2)
  2 hydra simulacra (IceCv)
  An acid dragon (D:11)
  3 ice beasts
  28 orc warriors
  An ettin simulacrum (IceCv)
  4 black bears
  6 ogres
  2 centaurs
  8 boggarts
  29 wolves
  A kobold brigand (D:10)
  Blork the orc (D:5)
  3 earth elementals
  4 elf zombies (Elf:1)
  21 bullfrogs
  3 scorpions
  4 gnoll sergeants (D:8)
  2 deep troll simulacra (IceCv)
  4 wights (D:6)
  21 killer bees
  2 lindwurm simulacra (IceCv)
  11 electric eels
  4 howler monkeys
  2 jellies
  15 orc priests
  6 hounds
  Ijyb (D:5)
  A gnoll bouda (D:8)
  Jessica (D:3)
  3 iguanas
  29 orc wizards
  31 gnolls
  9 adders
  2 shadow imps
  2 white imps
  2 ufetubi (D:6)
  2 worms (D:2)
  4 dart slugs
  103 orcs
  10 endoplasms
  4 giant cockroaches
  39 goblins
  28 hobgoblins
  A jackal (D:2)
  3 quokkas
  8 ball pythons
  4 bats
  7 frilled lizards
  23 kobolds
  A rat (D:3)
  2 tentacles (Shoals:3)
1395 creatures vanquished.

Vanquished Creatures (collateral kills)
  A tengu reaver (D:15)
  An emperor scorpion (Spider:4)
2 creatures vanquished.

Vanquished Creatures (others)
  Nessos (D:15)
  2 deep elf knights (Elf:2)
  A sun moth (Spider:3)
  A deep elf archer (Elf:2)
  A deep elf pyromancer (Elf:1)
  6 deep elf zephyrmancers
  A faun (Shoals:2)
  A torpor snail (Spider:4)
  A culicivora (Spider:3)
  A human (Spider:1)
  A redback (Spider:1)
  3 tentacles (Shoals:3)
20 creatures vanquished.

Grand Total: 1417 creatures vanquished

Notes
Turn   | Place    | Note
-------+----------+-------------------------------------------
     0 | D:1      | Flugkiller the Hill Orc Ice Elementalist began the quest
                  | for the Orb.
     0 | D:1      | Reached XP level 1. HP: 14/14 MP: 3/3
   302 | D:1      | Reached XP level 2. HP: 9/20 MP: 1/4
   609 | D:1      | Found a faded altar of an unknown god.
   609 | D:1      | Noticed a crimson imp
   727 | D:1      | Prayed at the altar of an unknown god.
   727 | D:1      | Became a worshipper of Qazlal Stormbringer
   727 | D:1      | Reached * piety under Qazlal
   861 | D:2      | Reached XP level 3. HP: 24/26 MP: 1/5
   925 | D:2      | HP: 1/26 [worm (8)]
  1142 | D:2      | Reached skill level 5 in Ice Magic
  1144 | D:2      | Reached XP level 4. HP: 20/34 MP: 0/6
  1221 | D:1      | Learned a level 3 spell: Frozen Ramparts
  1251 | D:2      | Reached skill level 1 in Fighting
  1251 | D:2      | Reached skill level 1 in Axes
  1494 | D:2      | Identified the +3 quarterstaff of Eternal Night {freeze,
                  | rN+}
  1804 | D:2      | Reached ** piety under Qazlal
  1809 | D:2      | Reached XP level 5. HP: 37/41 MP: 3/7
  2262 | D:3      | Found a basalt altar of Yredelemnul.
  2266 | D:3      | Found an ornate altar of the Wu Jian Council.
  2419 | D:3      | Learned a level 3 spell: Ozocubu's Armour
  2489 | D:3      | Noticed Jessica
  2497 | D:3      | Killed Jessica
  2498 | D:3      | Reached skill level 1 in Invocations
  2883 | D:4      | Reached XP level 6. HP: 41/50 MP: 8/8
  2933 | D:4      | Noticed Grinder
  2949 | D:4      | Killed Grinder
  2950 | D:4      | Reached skill level 3 in Invocations
  3087 | D:4      | Reached skill level 4 in Invocations
  3087 | D:4      | Reached XP level 7. HP: 33/59 MP: 5/10
  3211 | D:4      | Reached skill level 5 in Invocations
  3712 | D:4      | Found a hazy altar of Hepliaklqana.
  4064 | D:5      | Entered Level 5 of the Dungeon
  4076 | D:5      | Noticed Blork the orc
  4086 | D:5      | Killed Blork the orc
  4087 | D:5      | Reached skill level 6 in Invocations
  4303 | D:5      | Noticed Ijyb
  4314 | D:5      | Reached skill level 5 in Axes
  4333 | D:5      | Killed Ijyb
  4334 | D:5      | Reached skill level 5 in Fighting
  4467 | D:5      | Noticed Edmund
  4506 | D:5      | Killed Edmund
  4507 | D:5      | Reached XP level 8. HP: 54/68 MP: 0/12
  4597 | D:5      | Noticed Sigmund
  4630 | D:5      | Killed Sigmund
  4907 | D:5      | Reached skill level 1 in Armour
  4914 | D:5      | Found a staircase to the Ecumenical Temple.
  5180 | D:5      | Reached *** piety under Qazlal
  5512 | D:5      | Found an opulent altar of Gozag.
  5738 | D:5      | Reached **** piety under Qazlal
  6164 | D:6      | Found Aqodux's Tremendous Tomes.
  6221 | D:6      | Reached XP level 9. HP: 75/75 MP: 14/14
  6266 | D:6      | Reached skill level 7 in Invocations
  6330 | D:6      | Found a sparkling altar of Nemelex Xobeh.
  6488 | D:6      | Reached skill level 5 in Armour
  6688 | D:6      | Found a sacrificial altar of Ru.
  6962 | D:6      | Reached skill level 8 in Invocations
  7303 | D:7      | Reached skill level 9 in Invocations
  7453 | D:7      | Found a stormy altar of Qazlal.
  7998 | D:8      | Noticed Jeremiah
  8196 | D:8      | Killed Jeremiah
  8197 | D:8      | Reached XP level 10. HP: 86/86 MP: 0/16
  8201 | D:8      | Found Pusokyc's Demolitions Depot.
  8327 | D:8      | Noticed a two-headed ogre
  8345 | D:8      | Killed a two-headed ogre
  8376 | D:8      | Identified the +1 scale mail "Heaman" {rPois rCorr MP+9
                  | SInv}
  8376 | D:8      | Noticed Grum
  8418 | D:8      | Found a transporter.
  8418 | D:8      | Found a transporter.
  8430 | D:8      | Identified the ring "Rolit" {Wiz rF+}
  8444 | D:8      | Noticed Dirtsage's ghost (novice OpSh)
  8448 | D:8      | Identified the ring "Rempuxos" {Will+ rCorr SInv}
  8676 | D:8      | Killed Dirtsage's ghost
  8893 | D:8      | Killed Grum
  8901 | D:8      | Reached skill level 10 in Invocations
  9183 | D:8      | Learned a level 4 spell: Summon Ice Beast
  9237 | D:9      | Reached XP level 11. HP: 89/97 MP: 16/18
  9239 | D:9      | Reached skill level 1 in Summonings
  9308 | D:9      | Found a broken altar of Ashenzari.
  9375 | D:9      | Reached skill level 1 in Shields
  9731 | D:9      | Found a runed translucent door.
  9731 | D:9      | Noticed eyesofgods1's ghost (journeyman DjGl)
  9732 | D:9      | Found a shimmering altar of Xom.
  9732 | D:9      | Noticed a +1 trident of chaos
  9750 | D:9      | Found a burning altar of Makhleb.
  9750 | D:9      | Noticed a balrug
 10183 | D:10     | Entered Level 10 of the Dungeon
 10238 | D:10     | Found a snail-covered altar of Cheibriados.
 10319 | D:10     | Found a staircase to the Lair.
 10354 | D:10     | Found a shimmering altar of Xom.
 10402 | D:10     | Reached skill level 10 in Axes
 10447 | D:10     | Reached skill level 10 in Fighting
 10447 | D:10     | Reached skill level 11 in Invocations
 10641 | D:10     | Reached ***** piety under Qazlal
 10712 | D:10     | Identified the +5 scale mail of the Tick {rPois}
 10958 | D:11     | Noticed a white ugly thing
 10962 | D:11     | Killed a white ugly thing
 10963 | D:11     | Reached skill level 5 in Dodging
 11064 | D:11     | Noticed Urug
 11070 | D:11     | Killed Urug
 11071 | D:11     | Reached skill level 12 in Invocations
 11222 | D:11     | Found Exzeow's Antique Weapon Emporium.
 11254 | D:11     | You fall into a shaft and drop 3 floors!
 11256 | D:14     | Noticed Snorg
 11269 | D:14     | Killed Snorg
 11270 | D:14     | Reached XP level 12. HP: 74/106 MP: 6/21
 11430 | D:14     | Noticed a tengu warrior
 11455 | D:14     | Killed a tengu warrior
 11469 | D:14     | Noticed a tengu warrior
 11490 | D:14     | Killed a tengu warrior
 11707 | D:14     | Noticed a six-headed hydra
 11711 | D:14     | Killed a six-headed hydra
 11793 | D:14     | Noticed a centaur warrior
 11808 | D:14     | Killed a centaur warrior
 11809 | D:14     | Reached skill level 5 in Summonings
 11829 | D:14     | Reached skill level 5 in Shields
 12093 | D:11     | Noticed a two-headed ogre
 12104 | D:11     | Killed a two-headed ogre
 12189 | D:11     | Noticed Maurice
 12233 | D:11     | Something stole the ring "Rempuxos" {Will+ rCorr SInv}
 12240 | D:11     | Killed Maurice
 12692 | Lair:1   | Entered Level 1 of the Lair of Beasts
 12735 | Lair:1   | Reached XP level 13. HP: 95/114 MP: 16/22
 12766 | Lair:1   | Reached skill level 10 in Armour
 13429 | Lair:1   | Reached skill level 13 in Invocations
 13490 | Lair:1   | Noticed a dire elephant
 13510 | Lair:1   | Found a runed translucent door.
 14103 | Lair:1   | Killed a dire elephant
 14104 | Lair:1   | Reached skill level 14 in Invocations
 14301 | Lair:3   | Reached skill level 15 in Invocations
 14549 | Lair:2   | Reached XP level 14. HP: 124/124 MP: 15/25
 15018 | Lair:2   | Found a staircase to the Shoals.
 16388 | Lair:3   | Found a hole to the Spider Nest.
 16966 | Lair:4   | Identified the "Iqerghu"
 17211 | Lair:4   | Found a runed translucent door.
 17211 | Lair:4   | Found a viscous altar of Jiyva.
 17712 | Lair:4   | Found a staircase to the Slime Pits.
 17713 | Lair:4   | Noticed an acid blob
 17734 | Lair:5   | Entered Level 5 of the Lair of Beasts
 17747 | Lair:4   | Reached ****** piety under Qazlal
 18260 | Lair:5   | Reached XP level 15. HP: 130/134 MP: 23/26
 18431 | Lair:5   | Reached skill level 10 in Shields
 19368 | D:12     | Found a staircase to the Orcish Mines.
 19510 | D:12     | Identified the +0 ring mail of Forking Paths {Int+6}
 19635 | D:12     | Found Zin's Purification Station.
 19638 | D:12     | Found a glowing silver altar of Zin.
 19652 | D:12     | Bought a potion of curing for 90 gold pieces
 20706 | D:13     | Found the +5 robe of Night {Dark Will+ SInv}
 21097 | D:14     | Reached skill level 16 in Invocations
 21124 | D:14     | Found a gate to the Vaults.
 21372 | D:15     | Entered Level 15 of the Dungeon
 21385 | D:15     | Noticed Agnes
 21390 | D:15     | Killed Agnes
 21391 | D:15     | Reached skill level 15 in Axes
 21442 | D:15     | Reached XP level 16. HP: 72/146 MP: 17/28
 21474 | D:15     | Noticed a sphinx
 21477 | D:15     | Paralysed by a sphinx for 4 turns
 21482 | D:15     | Killed a sphinx
 21672 | D:15     | Noticed a tengu reaver
 21679 | D:15     | Killed a tengu reaver
 21757 | D:15     | Identified the +4 trident of Sunlight {holy, rPois}
 22048 | D:15     | Found a shadowy altar of Dithmenos.
 22094 | D:15     | Noticed Nessos
 22099 | D:15     | Killed Nessos
 22253 | D:15     | Found a staircase to the Depths.
 22558 | Orc:1    | Entered Level 1 of the Orcish Mines
 22670 | Orc:1    | Identified a scroll of acquirement
 22994 | Orc:2    | Entered Level 2 of the Orcish Mines
 22999 | Orc:2    | Noticed Azrael
 23009 | Orc:2    | Killed Azrael
 23044 | Orc:2    | Found a roughly hewn altar of Beogh.
 23103 | Orc:2    | Found a roughly hewn altar of Beogh.
 23108 | Orc:2    | Reached skill level 17 in Invocations
 23109 | Orc:2    | Found Ciykkiu's General Store.
 23117 | Orc:2    | Bought a scroll of blinking for 105 gold pieces
 23117 | Orc:2    | Bought a scroll of teleportation for 42 gold pieces
 23250 | Orc:2    | Found a roughly hewn altar of Beogh.
 23289 | Orc:2    | Reached skill level 15 in Fighting
 23491 | Orc:2    | Found a staircase to the Elven Halls.
 23638 | Orc:2    | Found Boymani's Antique Weapon Emporium.
 23639 | Orc:2    | Found a roughly hewn altar of Beogh.
 23639 | Orc:2    | Found Ummick's Antique Armour Shoppe.
 23870 | Orc:2    | Found a roughly hewn altar of Beogh.
 23874 | Orc:2    | Found Siolyuvor's Jewellery Shoppe.
 23973 | Orc:2    | Acquired a +4 ring of protection
 24187 | Spider:1 | Entered Level 1 of the Spider Nest
 24227 | Spider:1 | Noticed Mlioglotl
 24342 | Spider:1 | Noticed an Executioner
 24349 | Spider:1 | Gained mutation: You occasionally lose the ability to drink
                  | potions when taking damage. [a neqoxec]
 24353 | Spider:1 | Killed Mlioglotl
 24756 | Spider:1 | Noticed Kirke
 24764 | Spider:1 | Killed Kirke
 26324 | Spider:2 | Gained mutation: You are weak. (Str -2) [mutagenic glow]
 26334 | Spider:2 | Gained mutation: You are dopey. (Int -2) [mutagenic glow]
 26579 | Spider:2 | Lost mutation: You are weak. (Str -2) [potion of mutation]
 26579 | Spider:2 | Lost mutation: You occasionally lose the ability to drink
                  | potions when taking damage. [potion of mutation]
 26579 | Spider:2 | Gained mutation: You have a pair of small antennae on your
                  | head. [potion of mutation]
 26579 | Spider:2 | Gained mutation: You are partially covered in iridescent
                  | scales. (AC +2) [potion of mutation]
 26579 | Spider:2 | Gained mutation: You are mostly covered in iridescent
                  | scales. (AC +4) [potion of mutation]
 27056 | Spider:3 | Reached XP level 17. HP: 158/158 MP: 29/29
 27309 | Spider:2 | Gained mutation: You are weak. (Str -2) [mutagenic glow]
 27326 | Spider:2 | Gained mutation: You are frail. (-10% HP) [mutagenic glow]
 27601 | Spider:3 | Noticed Nikola
 27632 | Spider:3 | Killed Nikola
 28924 | D:8      | Bought a phial of floods for 440 gold pieces
 29076 | Orc:2    | Bought an amulet of regeneration for 540 gold pieces
 29336 | Spider:4 | Entered Level 4 of the Spider Nest
 29340 | Spider:4 | Noticed Mara
 29345 | Spider:4 | Noticed Flugkiller's illusion
 29357 | Spider:3 | Killed Mara
 29514 | Spider:4 | Noticed Arachne
 29531 | Spider:4 | Killed Arachne
 29558 | Spider:4 | Reached skill level 5 in Evocations
 29802 | Spider:4 | Found a runed translucent door.
 29802 | Spider:4 | Noticed Humorgho's ghost (journeyman MiBe)
 29833 | Spider:4 | Killed Humorgho's ghost
 30855 | Spider:4 | Found the sphere of Battle
 30866 | Spider:4 | Got a gossamer rune of Zot
 31213 | Shoals:1 | Entered Level 1 of the Shoals
 31226 | Shoals:1 | Reached XP level 18. HP: 148/151 MP: 30/30
 31468 | Shoals:1 | Reached skill level 10 in Evocations
 31562 | Shoals:1 | Found a frozen archway.
 31576 | Shoals:1 | Reached skill level 15 in Armour
 31582 | Shoals:1 | Reached skill level 10 in Dodging
 31617 | IceCv    | Entered an ice cave
 32145 | IceCv    | Noticed a lich
 32153 | IceCv    | Killed a lich
 32279 | IceCv    | Found an ancient bone altar of Kikubaaqudgha.
 32296 | IceCv    | Found the +4 skin of Zhor {*Englaciate rC+++ SInv}
 32302 | IceCv    | Identified the ring "Qiushis" {Ice Str+3 Int+3 Dex-5}
 32459 | Shoals:1 | Identified the +6 rapier "Kuokisu" {venom, Will+ Str-4
                  | Dex+5 Stlth+}
 33000 | Shoals:2 | Noticed Frances
 33018 | Shoals:2 | Killed Frances
 33195 | Shoals:2 | Found a transporter.
 33204 | Shoals:2 | Found a transporter.
 33205 | Shoals:2 | Noticed Ge0ff's ghost (adept OpHs)
 33310 | Shoals:2 | Reached skill level 18 in Invocations
 34013 | Shoals:3 | Reached skill level 19 in Invocations
 34166 | Shoals:3 | Reached XP level 19. HP: 150/159 MP: 32/32
 34354 | Shoals:3 | Noticed Roxanne
 34386 | Shoals:3 | Noticed t4s4d4r's ghost (adept DsEE)
 34402 | Shoals:3 | Found a transporter.
 34403 | Shoals:3 | Found a bloodstained altar of Trog.
 34447 | Shoals:3 | Found a transporter.
 34465 | Shoals:3 | Reached skill level 20 in Invocations
 34819 | Shoals:4 | Entered Level 4 of the Shoals
 35556 | Shoals:4 | Reached skill level 21 in Invocations
 35559 | Shoals:4 | Identified the staff "Beastslayer" {rElec rCorr Str+5 Int+2
                  | Ice Air}
 35796 | Shoals:4 | Got a barnacled rune of Zot
 36276 | Desolati | Identified the "Ecsues"
 36276 | Vaults:5 | Identified the of Ydexym
 36276 | Crypt:3  | Identified the "Xutygiwe"
 36276 | Crypt:3  | Identified the "Joffigef"
 36276 | Elf:1    | Identified the "Xeighi"
 36276 | Elf:1    | Entered Level 1 of the Elven Halls
 36278 | Elf:1    | Paralysed by an air elemental for 1 turns
 36280 | Elf:1    | Paralysed by an air elemental for 1 turns
 36431 | Elf:1    | Paralysed by an air elemental for 1 turns
 36743 | Elf:1    | Reached skill level 22 in Invocations
 37453 | Elf:2    | Paralysed by an air elemental for 1 turns
 37503 | Elf:2    | Reached XP level 20. HP: 155/160 MP: 35/35
 37673 | Elf:2    | Reached skill level 23 in Invocations
 38180 | Elf:2    | Found the +7 great mace "Firestarter" {flame, immolate,
                  | rFlCloud rF++}
 38390 | Elf:2    | Found a huge runed translucent gate.
 38392 | Elf:2    | Found a huge runed translucent gate.
 38397 | Elf:2    | Found a huge runed translucent gate.
 38398 | Elf:2    | Found a huge runed translucent gate.
 38398 | Elf:2    | Found a huge runed translucent gate.
 38545 | Elf:2    | Reached skill level 24 in Invocations
 39510 | Shoals:3 | Killed t4s4d4r's ghost
 39865 | Vaults:1 | Entered Level 1 of the Vaults
 39932 | Vaults:1 | Noticed Donald
 39949 | Vaults:1 | Mangled by Donald

Illustrated notes

Levels and vault maps discovered:
D:1:      psy_arrival_radial01, layout_basic,
          dreamdust_ecumenical_altar_sealed_demon
D:2:      cheibrodos_fertilizer, layout_basic, st_stairs_10, minmay_surrounded
D:3:      layout_loops_ring, mainiacjoe_overflow_big_doors, uniq_jessica
D:4:      layout_loops_ring, worldfamousw_hep_ancestral_shrine, uniq_grinder
D:5:      minmay_goblin_kobold_castle, layout_basic, nicolae_gozag_seed_capital,
          minmay_temple_entry_mini_moons, grunt_decor_clamped,
          lemuel_flame_loot_1, uniq_ijyb, uniq_sigmund, uniq_blork_the_orc,
          uniq_edmund
D:6:      layout_loops_corners, mainiacjoe_overflow_boulevard,
          nemelex_diamond_rough_becter, nicolae_shop_i_like_big_books
D:7:      layout_cave_pods, grunt_qazlal_clouds, minmay_gold_behind_fungi,
          grunt_ministairs_10
D:8:      layout_rooms, gammafunk_ghost_gnarly_gnolls, nicolae_blasting_shop,
          uniq_jeremiah
D:9:      layout_irregular_city, makhleb_altar_promises_db,
          mainiacjoe_overflow_24_doors, ebering_ghost_xom
D:10:     layout_long_grid, lemuel_doored_altar, tgw_xom, lair_entry_dummy
D:11:     layout_basic, serial_shops, shop, uniq_grum, uniq_maurice, uniq_urug
D:12:     layout_basic, erik_orc_4, zin_purify
D:13:     layout_loops_ring, hellmonk_guarded_unrand_night
D:14:     layout_basic, skrybe_vaults_entry_preservation,
          chequers_serial_rivers_small_b, uniq_snorg
D:15:     grunt_enter_depths_giant_problem, layout_long_grid,
          nicolae_dithmenos_the_darkroom, minmay_diamond_spiral, uniq_agnes,
          uniq_nessos
Lair:1:   gammafunk_lair_enchanted_lake, layout_small_grid,
          infiniplex_staircase_pool_2
Lair:2:   nzn_winding_woodlands_stair_cross [nzn_winding_woodlands_5x15_crooked,
          nzn_winding_woodlands_center_pierced_h,
          nzn_winding_woodlands_5x15_twine, nzn_winding_woodlands_hourglass,
          nzn_winding_woodlands_5x5_closed_star,
          nzn_winding_woodlands_5x15_longhouse,
          nzn_winding_woodlands_center_triple_pond,
          nzn_winding_woodlands_5x15_zeroes], layout_layer_cave,
          shoals_dummy_entry, fungi_pond_lemuel, serial_bayou_shore_a
Lair:3:   layout_loops_ring, spider_nest_entry_webs, serial_bayou_pond_c
Lair:4:   layout_gridlike, slime_entry_2
Lair:5:   minmay_lair_end_enchanted_forest, layout_loops_ring,
          grunt_megastairs_3
Shoals:1: layout_shoals, portal_ice_cave_entry_ugly_swarm
Shoals:2: layout_shoals, ebering_ghost_davey_jones,
          nicolae_shoals_bring_sunscreen, uniq_frances
Shoals:3: layout_shoals, gammafunk_ghost_wrathful_warriors, uniq_roxanne
Shoals:4: shoals_end_grunt_garden, layout_shoals,
          nicolae_shoals_arrival_archipelago
Spider:1: layout_cave_pods, uniq_mlioglotl, uniq_kirke
Spider:2: layout_spider_delve, special_room [special_room_bee]
Spider:3: layout_spider_delve, hangedman_spider_tarantella_strand, uniq_nikola
Spider:4: grunt_spider_rune_island, ebering_ghost_inner_flame,
          nicolae_spider_twisty_arc_passages, uniq_mara, uniq_arachne
Orc:1:    layout_caves
Orc:2:    grunt_orc_community_town_hall, layout_caves,
          grunt_orc_community_big_house_2, grunt_orc_community_big_house_1,
          grunt_orc_community_house_3, grunt_orc_community_house_3,
          grunt_orc_community_house_3, grunt_orc_community_house_1,
          nooodl_orcs_dogs, uniq_azrael
Elf:1:    layout_gridlike, minmay_elf_necromancy, nrook_mini_backslash
Elf:2:    elven_hall_of_blades_hangedman_alternative
          [nicolae_vaults_blade_armed_guards], layout_geoelf_grid,
          minmay_strange_pillars
Vaults:1: portal_desolation_entry_nicolae_slug,
          nicolae_vaults_trapezoid_lopsided_3, nicolae_vaults_steering_wheel,
          vaults_standard_mumra_enter_the_diamond, ontoclasm_vaults_echo,
          nicolae_vaults_trapezoid_1, nicolae_vaults_border_crossing,
          nicolae_vaults_sesquioval_fish, nicolae_vaults_what_the_h,
          nicolae_vaults_trapezoid_lopsided_3, v_pattern_5,
          grunt_vaults_diagonal, nicolae_vaults_apartment_2,
          nicolae_vaults_tetromino_T_1, layout_vaults_maze_bifur, serial_shops,
          nicolae_shop_rolling_square, uniq_donald

Skill      XL: |  1  2  3  4  5  6  7  8  9 10 11 12 13 14 15 16 17 18 19 20 |
---------------+-------------------------------------------------------------+-----
Ice Magic      | 4 5 6 8 |  8.0
Fighting       | 2 4 5 6 7 9 10 11 12 14 16 17 | 17.0
Axes           | 2 4 5 6 7 9 10 12 13 15 16 18 | 18.0
Invocations    | 1 4 6 9 10 12 15 16 17 19 22 24 | 24.9
Armour         | 4 7 8 9 11 13 14 17 | 17.0
Dodging        | 3 6 7 9 11 | 11.0
Summonings     | 1 5 |  5.0
Shields        | 3 6 9 10 12 | 12.0
Evocations     | 9 10 | 10.0
Stealth        | |  1.5
Spellcasting   | |  1.5

Action                     |  1- 3 |  4- 6 |  7- 9 | 10-12 | 13-15 | 16-18 | 19-21 || total
---------------------------+-------+-------+-------+-------+-------+-------+-------++-------
  Melee: Unarmed           |     1 |       |       |       |       |       |       ||     1
         Hand axe          |    12 |    18 |   206 |       |       |       |       ||   236
         Punch             |       |     1 |     2 |       |       |       |       ||     3
         Quarterstaff      |       |    29 |    47 |       |       |       |       ||    76
         Trident           |       |       |       |   358 |   191 |       |       ||   549
         Broad axe         |       |       |       |       |   623 |  1401 |   912 ||  2936
         War axe           |       |       |       |       |    52 |       |       ||    52
   Cast: Freeze            |    45 |    41 |    20 |    22 |     3 |       |       ||   131
         Frozen Ramparts   |       |     9 |    33 |    42 |    72 |     9 |       ||   165
         Ozocubu's Armour  |       |       |    11 |    23 |    62 |    12 |       ||   108
         Summon Ice Beast  |       |       |       |     2 |     4 |       |       ||     6
 Invoke: Upheaval          |       |     2 |     8 |    10 |     2 |    36 |    17 ||    75
         Disaster Area     |       |       |       |       |       |     3 |     4 ||     7
  Evoke: Wand              |       |       |       |     9 |       |    11 |     2 ||    22
         Condenser vane    |       |       |       |     1 |       |       |       ||     1
         Phantom mirror    |       |       |       |       |       |     4 |       ||     4
         Phial of floods   |       |       |       |       |       |     1 |       ||     1
         Lightning rod     |       |       |       |       |       |       |     1 ||     1
    Use: Potion            |     1 |       |     1 |     4 |     1 |     8 |       ||    15
         Scroll            |       |     6 |     6 |     8 |    16 |    12 |     6 ||    54
   Stab: Distracted        |       |       |       |       |     1 |       |       ||     1
         Betrayed ally     |       |       |       |       |       |     1 |       ||     1
         Invisible         |       |       |       |       |       |     4 |       ||     4
 Armour: Robe              |    28 |    59 |   112 |       |    32 |    87 |       ||   318
         Ring mail         |       |       |    36 |    49 |       |       |       ||    85
         Leather armour    |       |       |       |   167 |   380 |       |       ||   547
         Scale mail        |       |       |       |       |       |   869 |       ||   869
         Plate armour      |       |       |       |       |       |   251 |   592 ||   843
  Dodge: Dodged            |    24 |    61 |   157 |   164 |   267 |   481 |   221 ||  1375
         Repelled          |       |       |     3 |     1 |     4 |     7 |    20 ||    35
  Block: Other             |     3 |     8 |   140 |    21 |       |       |       ||   172
         Reflection        |       |       |    15 |     8 |    27 |    15 |       ||    65
         Buckler           |       |       |       |   265 |   295 |       |       ||   560
         Kite shield       |       |       |       |       |   650 |  1996 |   692 ||  3338

Table legend: (Time is in decaauts)
 A = Elapsed time spent in this place.
 B = Non-inter-level travel time spent in this place.
 C = Inter-level travel time spent in this place.
 D = Time resting spent in this place.
 E = Time spent auto-exploring this place.
 F = Levels seen in this place.
 G = Mean time per level.
                   A        B        C        D        E       F      G
               +--------+--------+--------+--------+--------+-----+--------+
         Total |  40067 |  36661 |   3406 |   7886 |  18735 |  34 | 1178.4 |
       Dungeon |  17137 |  15473 |   1664 |   3181 |   8408 |  15 | 1142.5 |
          Lair |   7220 |   6505 |    715 |   1112 |   3822 |   5 | 1444.0 |
        Shoals |   4107 |   3801 |    306 |    529 |   1870 |   4 | 1026.8 |
   Spider Nest |   6199 |   5965 |    234 |   2227 |   2343 |   4 | 1549.8 |
  Orcish Mines |   1660 |   1350 |    310 |     52 |    904 |   2 |  830.0 |
   Elven Halls |   2874 |   2699 |    175 |    557 |   1132 |   2 | 1437.0 |
        Vaults |     73 |     73 |      0 |     23 |      0 |   1 |   73.0 |
      Ice Cave |    794 |    794 |      0 |    204 |    255 |   1 |  794.0 |
               +--------+--------+--------+--------+--------+-----+--------+

Top non-repeatable levels by time:
     D:5: 1905 daAuts
  Lair:2: 1864 daAuts
Spider:2: 1823 daAuts
  Lair:1: 1822 daAuts
Spider:4: 1689 daAuts
  Lair:3: 1535 daAuts
    D:14: 1448 daAuts
   Elf:1: 1439 daAuts
   Elf:2: 1434 daAuts
Spider:3: 1411 daAuts
Spider:1: 1275 daAuts
     D:8: 1249 daAuts
     D:6: 1234 daAuts
    D:11: 1201 daAuts
    D:10: 1179 daAuts
